Map: Backwater LE

Players

Cognite - Winner!

  • Race: Terran Terran
  • League: Bronze
  • Spawn Location: 5:00

CinDra

  • Race: Zerg Zerg
  • League: Bronze
  • Spawn Location: 11:00

VOD

Have the link to the VOD?

Description

Time

  • Played on: Feb. 8, 2018, 5:04 p.m.
  • Length: 24:28
Show
View Real Time Build Order
Export as new Build Order

Cognite Terran - Winner!

Build Orders:  

Get SALT Encoding   

  12  0:01  SCV  
  13  0:14  SCV  
  13  0:18  Supply Depot  
  14  0:26  SCV  
  15  0:40  SCV  
  15  0:41  Barracks  
  16  0:52  SCV  
  17  1:04  SCV  
  17  1:11  Refinery  
  18  1:16  SCV  
  19  1:19  Supply Depot  
  19  1:28  SCV  
  19  1:32  Barracks, Marine  
  21  1:43  Orbital Command  
  21  1:49  Marine  
  22  2:07  Marine  
  23  2:25  Marine  
  23  2:26  Barracks Reactor  
  24  2:35  Refinery  
  24  2:39  SCV  
  24  2:43  Marine  
  26  2:51  SCV  
  27  3:03  SCV  
  29  3:08  Marine  
  29  3:09  Marine  
  31  3:13  Barracks Tech Lab  
  31  3:15  SCV  
  31  3:20  Factory  
  31  3:32  Barracks  
  31  3:37  Supply Depot  
  31  3:38  Supply Depot  
  31  3:39  Supply Depot  
  31  3:49  Command Center  
  31  3:53  Stimpack  
  31  3:59  SCV, Marine x3  
  35  4:11  SCV  
  35  4:13  Factory Reactor  
  35  4:16  Marine x3  
  39  4:22  Starport  
  39  4:23  SCV  
  40  4:25  Marine  
  41  4:34  Marine x3  
  41  4:35  SCV  
  42  4:42  Marine  
  41  4:47  SCV  
  41  4:52  Marine x3  
  45  4:57  Bunker  
  45  4:59  SCV  
  47  5:07  Orbital Command  
  47  5:11  SCV, Supply Depot  
  47  5:20  Marine  
  47  5:21  Marine  
  50  5:23  SCV  
  50  5:27  Barracks Reactor  
  50  5:36  SCV  
  50  5:39  Factory Tech Lab  
  50  5:41  SCV  
  52  5:48  SCV  
  53  5:53  SCV  
  53  5:57  Refinery  
  54  6:00  SCV  
  54  6:02  Engineering Bay  
  54  6:03  Marine x5  
  60  6:05  SCV  
  60  6:09  Medivac x2  
  65  6:14  Siege Tank  
  68  6:21  Supply Depot, Marine x3  
  68  6:22  Marauder  
  68  6:25  Marine  
  74  6:36  SCV  
  74  6:37  SCV  
  74  6:38  Marine x2  
  78  6:43  Marauder, Marine x2  
  82  6:48  SCV  
  82  6:49  SCV  
  82  6:50  Supply Depot  
  84  6:54  Terran Infantry Weapons Level 1  
  84  6:55  Supply Depot  
  84  6:56  Marine x2  
  86  7:01  Engineering Bay  
  86  7:11  Marine x3  
  86  7:12  SCV x2  
  86  7:13  Siege Tank  
  94  7:24  Marine  
  94  7:25  Marine  
  94  7:29  Marine x2  
  98  7:30  SCV x2  
  98  7:32  Marine  
  101  7:39  Barracks  
  101  7:42  Marine  
  102  7:54  Marauder, Marine  
  102  7:57  Marine x2  
  102  8:14  Siege Tank, Marine x2  
  102  8:15  Marine x2  
  102  8:16  Marauder  
  100  8:29  SCV x2  
  102  8:49  Supply Depot x2  
  102  8:51  Supply Depot  
  102  8:53  Supply Depot  
  102  9:02  Command Center  
  102  9:10  SCV x2, Marine x4  
  102  9:11  Marauder, Terran Infantry Armor Level 1  
  110  9:19  Armory  
  110  9:22  SCV  
  111  9:27  Missile Turret  
  111  9:28  Marine x4  
  115  9:32  Marauder  
  115  9:36  Barracks Reactor  
  115  9:38  Barracks  
  117  9:40  Siege Tank, Barracks x2  
  120  9:46  Marine x4  
  123  9:53  Marauder  
  122  10:04  Marine x4  
  126  10:13  Siege Tank  
  129  10:15  Marauder, Missile Turret  
  129  10:17  Missile Turret  
  131  10:21  Marine x4  
  131  10:27  Medivac  
  131  10:28  Medivac  
  139  10:29  Marine  
  139  10:30  Marine  
  141  10:36  Marauder  
  141  10:38  SCV x2  
  141  10:39  Marine x4  
  149  10:45  Orbital Command  
  149  11:02  Supply Depot x2  
  149  11:04  Refinery, Supply Depot  
  149  11:16  Terran Infantry Weapons Level 2, Terran Infantry Armor Level 2  
  149  11:20  Barracks Reactor x2  
  149  11:23  Barracks Tech Lab, Marine x7  
  149  11:24  Siege Tank, Medivac, SCV x2  
  163  11:27  SCV  
  164  11:36  SCV x2  
  164  11:39  SCV  
  167  11:42  Marauder  
  169  11:48  SCV  
  170  11:54  Refinery  
  170  11:56  Siege Tank, Refinery  
  173  12:04  Factory  
  173  12:06  Factory  
  173  12:17  Supply Depot  
  173  12:18  Supply Depot x2  
  173  12:19  Supply Depot  
  173  12:38  Marine x4  
  173  12:39  Siege Tank, Marauder x2, SCV x2, Marine x2  
  187  13:00  Marauder x2  
  187  13:04  Marine x4  
  187  13:05  Marine x3  
  197  13:06  Marine  
  197  13:09  Marine  
  162  13:35  Marine  
  162  13:36  Marine x10  
  162  13:37  Marauder  
  124  13:53  Marine x2  
  124  13:54  Marine x8  
  124  13:55  Marauder  
  136  13:58  Marauder  
  138  14:03  SCV  
  138  14:04  SCV x2  
  141  14:11  Marine x2  
  141  14:12  Marine x6  
  141  14:16  Marauder, SCV  
  152  14:20  Marauder  
  152  14:23  Medivac  
  152  14:24  Medivac  
  158  14:36  Liberator x2  
  158  14:38  Marauder, Starport  
  160  14:41  Marauder  
  162  14:59  Marauder  
  170  15:00  Marine x3  
  170  15:01  Marine x3  
  170  15:02  Marine x2  
  170  15:03  Marauder  
  180  15:16  Marine x2  
  180  15:18  Marine x2  
  180  15:19  Liberator  
  180  15:20  Marauder  
  186  15:24  Marauder  
  188  15:29  Medivac  
  190  15:36  Medivac  
  190  15:37  Ghost Academy  
  190  15:38  Ghost Academy  
  190  15:42  Marauder  
  197  15:45  Marauder  
  199  15:52  Marine  
  200  16:03  Command Center  
  200  16:57  Nuke, Personal Cloaking  
  191  18:22  Nuke  
  191  18:23  Terran Infantry Armor Level 3, Terran Infantry Weapons Level 3  
  191  18:27  Starport Tech Lab  
  191  18:35  Viking x2  
  194  19:05  Viking x2  
  176  19:11  Marine x5  
  176  19:12  Marine x7  
  169  19:29  Marine x12  
  181  19:35  Viking  
  181  19:37  Siege Tank  
  186  19:46  Marine  
  186  19:47  Ghost, Marine x8  
  186  19:48  Marauder, Marine  
  174  20:08  Ghost  
  174  20:10  Siege Tank  
  174  20:11  Marine x7  
  174  20:12  Marine x3  
  146  20:16  Ghost  
  148  20:28  Marine x2  
  148  20:29  Marine x3  
  148  20:38  Marauder  
  148  20:42  Siege Tank  
  141  20:45  Marauder  
  143  20:59  Marauder  
  141  21:23  Marine x5  
  141  21:24  Marine x7  
  153  21:27  Siege Tank  
  153  21:29  Medivac x2  
  160  21:40  Marine  
  160  21:41  Marine x5  
  160  21:42  Marauder x2, Starport  
  160  21:43  Marine x2  
  160  21:44  Marine x2  
  174  21:58  Marine x3  
  174  21:59  Siege Tank, Marine x3  
  183  22:01  Marine x3  
  183  22:02  Marine  
  183  22:03  Marauder  
  183  22:04  Marauder  
  191  22:16  Marine x4  
  191  22:17  Marine x2  
  191  22:19  Starport, Marine x3  
  197  22:31  Siege Tank  
  177  22:44  Marine x3  
  177  22:45  Marauder x2  
  177  22:47  Marine x2  
  177  22:50  Marine  
  177  22:51  Marine  
  172  22:58  Marine x2  
  169  23:03  Siege Tank  
  174  23:06  Marauder  
  174  23:07  Marauder  
  159  23:28  Marauder x2  
  163  23:35  Siege Tank  
  163  23:39  Marine x3  
  163  23:40  Marine x7  
  169  23:48  Ghost  
  169  23:49  Marauder  
  170  23:57  Marine x5  
  170  23:58  Marine x2  
  170  23:59  Marine x2  
  170  24:00  Marine  
Show
View Real Time Build Order
Export as new Build Order

CinDra Zerg 

Build Orders: Hatch First 

Get SALT Encoding   

  12  0:02  Drone  
  13  0:13  Overlord  
  13  0:17  Drone  
  14  0:31  Drone  
  15  0:36  Drone  
  16  0:45  Drone  
  17  0:57  Hatchery  
  17  1:02  Drone  
  17  1:07  Drone  
  18  1:18  Spawning Pool, Drone  
  18  1:29  Overlord  
  18  1:44  Drone  
  19  1:50  Drone  
  20  2:01  Drone  
  21  2:05  Extractor  
  21  2:06  Queen  
  22  2:10  Queen  
  22  2:11  Drone x2  
  26  2:21  Drone  
  27  2:24  Drone  
  28  2:34  Zergling x4  
  30  3:01  Zergling x2  
  30  3:02  Zergling x6  
  30  3:03  Drone  
  35  3:10  Metabolic Boost  
  35  3:12  Overlord  
  35  3:18  Extractor  
  34  3:22  Roach Warren, Overlord x3  
  33  3:38  Overlord x2  
  33  3:40  Drone x3  
  33  3:41  Drone  
  37  3:54  Drone x2  
  39  4:07  Roach x4  
  39  4:08  Roach, Drone  
  39  4:09  Drone  
  51  4:16  Extractor  
  50  4:20  Lair  
  50  4:23  Queen  
  52  4:26  Drone x2  
  52  4:27  Drone  
  55  4:32  Extractor  
  54  4:48  Zergling x4, Drone x2  
  54  4:49  Zergling x4  
  60  4:59  Queen  
  62  5:18  Glial Reconstitution  
  62  5:35  Pneumatized Carapace  
  62  5:41  Drone  
  62  5:42  Drone x5  
  68  5:43  Overlord x4  
  68  6:08  Spire  
  67  6:20  Zergling x4, Roach x4  
  67  6:21  Zergling x6  
  80  6:37  Hatchery  
  79  6:47  Drone x2  
  79  6:48  Drone x2  
  79  6:52  Roach  
  79  6:53  Zergling x6, Roach x2  
  92  6:56  Overlord  
  92  7:11  Evolution Chamber  
  92  7:14  Evolution Chamber  
  90  7:23  Mutalisk x4  
  90  7:24  Mutalisk  
  101  7:30  Drone x3  
  93  8:03  Drone  
  93  8:04  Drone x7  
  92  8:30  Mutalisk  
  92  8:31  Mutalisk x7  
  108  8:37  Extractor  
  108  8:39  Extractor  
  106  8:42  Zerg Missile Weapons Level 1  
  107  9:10  Zergling x8, Roach  
  107  9:11  Roach, Overlord x4  
  107  9:12  Overlord x3  
  114  9:33  Drone  
  114  9:34  Drone x9  
  114  9:37  Zerg Ground Armor Level 1  
  114  9:38  Zerg Flyer Weapons Level 1  
  122  10:08  Drone x4  
  122  10:09  Drone x2  
  122  10:10  Roach  
  122  10:11  Roach x8  
  146  10:32  Mutalisk x2  
  146  10:33  Mutalisk x4  
  158  10:37  Overlord x3  
  158  10:38  Overlord  
  158  10:47  Mutalisk x5  
  158  10:48  Mutalisk  
  170  10:50  Overlord  
  170  10:51  Overlord  
  168  11:10  Corruptor  
  168  11:11  Corruptor x3  
  176  11:20  Infestation Pit  
  176  11:21  Zerg Missile Weapons Level 2  
  175  11:52  Zergling x16  
  175  11:53  Zergling x6  
  186  11:57  Hive  
  186  12:03  Roach x6  
  198  12:12  Zerg Ground Armor Level 2  
  198  12:16  Mutalisk  
  200  13:14  Greater Spire  
  116  13:51  Roach x5  
  116  13:52  Roach x22  
  166  14:15  Zerg Missile Weapons Level 3  
  166  14:28  Zerg Melee Weapons Level 1  
  166  14:37  Roach x2, Hatchery  
  166  14:38  Roach x2  
  173  14:39  Zergling x26  
  173  14:40  Zergling x2  
  173  14:45  Overseer  
  187  14:46  Overseer x3  
  187  15:44  Roach x3, Mutalisk  
  187  15:45  Roach x2  
  199  16:25  Extractor  
  198  16:26  Queen  
  198  16:27  Extractor  
  199  16:50  Zergling x2  
  200  16:59  Zerg Melee Weapons Level 2, Zerg Ground Armor Level 3  
  200  17:01  Zerg Flyer Armor Level 1  
  200  18:06  Spawning Pool  
  200  18:08  Infestation Pit  
  191  18:41  Roach x4  
  162  19:11  Roach  
  162  19:12  Roach x3, Mutalisk x3  
  162  19:13  Mutalisk x4  
  98  19:24  Mutalisk  
  98  19:25  Mutalisk x23  
  98  19:26  Mutalisk x13  
  172  19:53  Roach x4  
  172  19:54  Roach x5  
  185  20:01  Hatchery  
  158  20:09  Mutalisk x4  
  164  20:18  Roach x5  
  164  20:19  Roach, Overlord x2  
  176  20:47  Roach x10  
  176  20:48  Roach  
  198  21:46  Extractor  
  197  21:48  Roach, Extractor  
  198  22:13  Zergling x2  
  193  23:00  Roach x3  
  177  23:13  Roach, Mutalisk x2  
  177  23:14  Roach, Mutalisk x6  
  105  23:28  Roach x12  
  129  23:37  Roach  
  106  23:51  Roach x6  
  106  23:52  Roach  
Tags
 
Matchup
TvZ
Spawn Locations
Cross Positions
Add a new tag
Caveats
  • Supply blocks, unpowered buildings, or Contaminate may cause inaccurate times.
  • Supply counts are checked every 10 seconds.